 Dungeon Crawl Stone Soup version 0.22.0-49-gab54619674 (webtiles) character file.

468 barcollo the Chopper (level 6, -4/56 HPs)
             Began as a Minotaur Berserker on Sept 6, 2018.
             Was a Believer of Trog.
             Slain by a gnoll
             ... wielding a +0 halberd
              (6 damage)
             ... on level 4 of the Dungeon on Sept 7, 2018.
             The game lasted 00:17:57 (3811 turns).

barcollo the Chopper (Minotaur Berserker)           Turns: 3811, Time: 00:17:58

Health: -4/56      AC:  8    Str: 21    XL:     6   Next: 81%
Magic:  5/5        EV: 11    Int:  4    God:    Trog [**....]
Gold:   129        SH:  0    Dex: 12    Spells: 5/5 levels left

rFire    . . .     SeeInvis .   v - +0 hand axe
rCold    . . .     Gourm    .   (no shield)
rNeg     . . .     Faith    .   A - +0 scale mail
rPois    .         Spirit   .   (helmet restricted)
rElec    .         Reflect  .   (no cloak)
rCorr    .         Harm     .   (no gloves)
MR       .....                  q - +0 pair of boots
Stlth    ..........             (no amulet)
HPRegen  0.18/turn              (no ring)
MPRegen  0.09/turn              (no ring)

@: berserk cooldown, slowed, very slow
A: retaliatory headbutt, horns 2
a: Berserk, Trog's Hand, Renounce Religion


You were on level 4 of the Dungeon.
You worshipped Trog.
Trog was pleased with you.
You were near starving.

You visited 1 branch of the dungeon, and saw 4 of its levels.

You collected 129 gold pieces.

Inventory:

Hand Weapons
 v - a +0 hand axe (weapon)
Missiles
 n - 6 tomahawks (quivered)
Armour
 d - a +0 plate armour
 q - a +0 pair of boots (worn)
 A - a +0 scale mail (worn)
Jewellery
 b - a +2 ring of evasion {unknown}
 g - an uncursed ring of protection from magic {unknown}
 y - an uncursed ring of stealth {unknown}
 z - a cursed +3 ring of evasion {unknown}
 C - a cursed ring of teleportation {unknown}
Wands
 e - a wand of random effects (32)
 t - a wand of flame (29)
Scrolls
 a - 2 scrolls of remove curse {unknown}
 f - a scroll of noise {unknown}
 i - 6 scrolls of identify {unknown}
 j - 2 scrolls of amnesia {unknown}
 p - a scroll of immolation {unknown}
 w - a scroll of teleportation {unknown}
 x - a scroll of magic mapping {unknown}
 D - a scroll of enchant weapon {unknown}
Potions
 h - 2 potions of lignification {unknown}
 k - 2 potions of agility {unknown}
 l - a potion of degeneration {unknown}
 m - 3 potions of heal wounds {unknown}
 r - a potion of mutation {unknown}
 s - a potion of ambrosia {unknown}
 u - a potion of resistance {unknown}
 B - a potion of magic {unknown}
Comestibles
 c - 10 rations


   Skills:
 + Level 5.5 Fighting
 + Level 6.8 Axes
 - Level 1.2 Throwing
 + Level 4.7 Armour
 - Level 2.3 Dodging


You had 5 spell levels left.
You didn't know any spells.
Your spell library was empty.

Dungeon Overview and Level Annotations

Branches:
Dungeon (4/15)             Temple (0/1) D:4

Altars:
Elyvilon
Kikubaaqudgha
Makhleb
Nemelex Xobeh
Sif Muna
Xom


Innate Abilities, Weirdness & Mutations

You reflexively headbutt those who attack you in melee.
You have a pair of horns on your head.


Message History

You are exhausted.
You feel yourself slow down. The gnoll hits you with a halberd!
The gnoll hits you from afar with a halberd!
Your skin stops crawling.
You feel less resistant to hostile enchantments.
The gnoll hits you with a halberd.
You hit the gnoll.
The gnoll is heavily wounded.
The gnoll hits you with a halberd!
The gnoll hits you from afar with a halberd.
You barely miss the gnoll.
The gnoll is heavily wounded.
The gnoll hits you with a halberd!
* * * LOW HITPOINT WARNING * * *
The gnoll hits you from afar with a halberd.
* * * LOW HITPOINT WARNING * * *
The gnoll hits you with a halberd.
* * * LOW HITPOINT WARNING * * *
The gnoll hits you with a halberd.
You die...

#...........#........
#...........#........
#...........#........
##########....#######...
#.......##....# #...
#.......#.....# ####
#.......#.....#
#.....g.))....#
#.....g@#.....#
#.......#.....#
#.......#######
....###### ... ..


You could see 2 gnolls.

Vanquished Creatures
  2 ogres (D:4)
  A scorpion (D:4)
  A hound (D:4)
  Jessica (D:3)
  2 worker ants (D:4)
  3 gnolls
  5 adders
  3 worms
  A dart slug (D:1)
  3 leopard geckos
  4 orcs
  A ball python (D:3)
  5 bats
  4 giant cockroaches
  5 goblins
  7 hobgoblins
  2 jackals (D:1)
  6 frilled lizards
  5 kobolds
  4 rats
65 creatures vanquished.

Notes
Turn   | Place    | Note
-------+----------+-------------------------------------------
     0 | D:1      | barcollo the Minotaur Berserker began the quest for the
                  | Orb.
     0 | D:1      | Reached XP level 1. HP: 19/19 MP: 0/0
   290 | D:1      | Reached XP level 2. HP: 27/27 MP: 1/1
   377 | D:1      | Reached skill level 4 in Axes
   751 | D:1      | Reached skill level 1 in Throwing
   751 | D:1      | Reached XP level 3. HP: 33/33 MP: 2/2
  1428 | D:2      | Found a deep blue altar of Sif Muna.
  2283 | D:3      | Reached XP level 4. HP: 41/41 MP: 3/3
  2313 | D:3      | Reached ** piety under Trog
  2502 | D:3      | Found a sparkling altar of Nemelex Xobeh.
  2510 | D:3      | Noticed Jessica
  2515 | D:3      | Killed Jessica
  2515 | D:3      | Reached skill level 5 in Axes
  2819 | D:3      | Found an ancient bone altar of Kikubaaqudgha.
  2966 | D:3      | Found a white marble altar of Elyvilon.
  2966 | D:3      | Found a glowing silver altar of Zin.
  2968 | D:3      | Found an ancient bone altar of Kikubaaqudgha.
  2968 | D:3      | Found a shimmering altar of Xom.
  2968 | D:3      | Found a burning altar of Makhleb.
  3187 | D:4      | Found a staircase to the Ecumenical Temple.
  3189 | D:4      | Reached XP level 5. HP: 47/47 MP: 4/4
  3193 | D:4      | Noticed an ogre
  3201 | D:4      | Killed an ogre
  3201 | D:4      | Reached skill level 5 in Fighting
  3330 | D:4      | Reached skill level 6 in Axes
  3470 | D:4      | Noticed an ogre
  3480 | D:4      | Killed an ogre
  3480 | D:4      | Reached XP level 6. HP: 56/56 MP: 5/5
  3811 | D:4      | HP: 2/56 [gnoll/halberd (4)]
  3811 | D:4      | Slain by a gnoll

Skill      XL: |  1  2  3  4  5 |
---------------+----------------+-----
Fighting       | 4 5 |  5.5
Axes           | 4 5 6 |  6.8
Throwing       | 1 |  1.2
Armour         | 3 4 |  4.7
Dodging        | |  2.3

Action                   |  1- 3 |  4- 6 || total
-------------------------+-------+-------++-------
Melee: Hand axe          |    44 |    66 ||   110
       Headbutt          |     8 |    14 ||    22
Throw: Tomahawk          |    40 |    13 ||    53
Invok: Trog's Hand       |       |     4 ||     4
       Berserk           |       |     3 ||     3
  Eat: Chunk             |     3 |     8 ||    11
Armor: Animal skin       |     3 |       ||     3
       Ring mail         |    11 |    19 ||    30
       Scale mail        |       |     2 ||     2
Dodge: Dodged            |    37 |    37 ||    74
